AoeStats
← Iamak3186

Arabia

503375781Analyzed
1v1 RM · 1mo ago on Aug 31, 2026· 45m 25s· 2 players
Game mode
Random Map
Map size
Tiny (2 player)
Population
200
Speed
Normal
Resources
Standard
Victory
Conquest
Starting age
Dark Age
Ending age
Imperial Age
RankedLock teamsTeams togetherTeam positionsShared explorationLock speedFull tech treeHidden civsTurbo modeCheats
Victory
Defeat
🇹🇼 Japanese · Taiwan
1273
+18
🇮🇳 Mongols · India
1307
-18
笹森ひかる
6:54 Loom
9:37 Feudal Age
9:48 Man-at-Arms
13:32 Double-Bit Axe
14:22 Fletching
15:24 Town Watch
19:00 Wheelbarrow
22:49 Castle Age
22:34 Gold Mining
23:14 Padded Archer Armor
23:37 Bodkin Arrow
24:00 Bloodlines
24:56 Bow Saw
24:43 Horse Collar
25:47 Husbandry
29:27 Hand Cart
32:41 Leather Archer Armor
37:15 Imperial Age
35:34 Scale Barding Armor
35:40 Stone Mining
36:55 Thumb Ring
37:58 Ballistics
37:59 Bracer
40:29 Chemistry
41:00 Chain Barding Armor
42:02 Masonry
41:49 Murder Holes
41:53 Cavalier
44:15 Conscription
44:38 Forging
44:48 Siege Engineers
Iamak3186
5:10 Loom
8:05 Feudal Age
10:59 Double-Bit Axe
15:29 Fletching
22:31 Castle Age
22:47 Bloodlines
22:44 Scale Barding Armor
23:29 Wheelbarrow
25:59 Bow Saw
25:37 Horse Collar
25:48 Gold Mining
28:03 Husbandry
29:44 Chain Barding Armor
35:21 Stone Mining
40:22 Imperial Age
39:26 Town Watch
39:56 Hand Cart
39:42 Bodkin Arrow
41:29 Conscription
41:40 Bracer
42:28 Conscription
41:32 Light Cavalry
42:24 Forging
42:26 Padded Archer Armor
42:33 Heavy Plow
45:52 Iron Casting
Connection lost

Rejoining the realm…

Still unreachable

The connection could not be restored.

Session expired

The server has moved on; the page needs a fresh start.